 Dungeon Crawl Stone Soup version 0.19-a0-599-g723c685 (webtiles) character file.

253 Arkorax the Insei (level 6, -4/40 HPs)
             Began as a Tengu Monk on June 11, 2016.
             Was a Follower of Uskayaw.
             Slain by an ogre
             ... wielding a +0 giant club
              (22 damage)
             ... on level 3 of the Dungeon.
             The game lasted 00:05:09 (3118 turns).

Arkorax the Insei (Tengu Monk)                      Turns: 3118, Time: 00:05:09

Health: -4/40      AC:  5    Str: 11    XL:     6   Next: 14%
Magic:  6/6        EV: 14    Int: 11    God:    Uskayaw [*.....]
Gold:   132        SH:  0    Dex: 18    Spells: 0 memorised, 5 levels left

rFire  . . .     SeeInvis +       - Unarmed
rCold  . . .     Gourm    .     a - +0 robe
rNeg   . . .     Faith    .     (no shield)
rPois  .         Spirit   .     (helmet restricted)
rElec  .         Dismiss  .     (no cloak)
rCorr  .         Reflect  .     d - +1 pair of gloves
SustAt .         Harm     .     (boots unavailable)
MR     +....                    (no amulet)
Stlth  ++........               (no ring)
                                r - ring of protection from magic

@: somewhat resistant to hostile enchantments, unstealthy
A: beak, talons 3, molten scales 1, see invisible, low mp 1, able to fly 1
a: Fly, Stomp, Renounce Religion


You were on level 3 of the Dungeon.
You worshipped Uskayaw.
Uskayaw was aware of your devotion.
You were not hungry.

You visited 1 branch of the dungeon, and saw 4 of its levels.

You collected 132 gold pieces.

Inventory:

Hand Weapons
 c - a +0 whip of pain
Armour
 a - a +0 robe (worn)
 d - a +1 pair of gloves (worn)
Jewellery
 l - an uncursed ring of ice
 r - a ring of protection from magic (left hand)
Wands
 j - a wand of flame (10/48)
Scrolls
 f - 4 scrolls of identify
 h - a scroll of recharging {unknown}
 m - 2 scrolls of remove curse
 n - 3 scrolls of teleportation {unknown}
 s - a scroll of amnesia {unknown}
 t - a scroll of blinking {unknown}
 u - a scroll of fog {unknown}
 v - a scroll of magic mapping {unknown}
Potions
 e - a potion of invisibility {unknown}
 k - a potion of heal wounds {unknown}
 p - a potion of berserk rage
 q - a potion of magic
Comestibles
 b - a bread ration
 g - 5 fruits
 i - a meat ration


   Skills:
 * Level 4.9 Fighting
 + Level 4.0 Dodging
 - Level 2.0 Stealth
 * Level 6.2 Unarmed Combat


You had 5 spell levels left.
You didn't know any spells.

Dungeon Overview and Level Annotations

Branches:
Dungeon (4/15)
 Temple: D:4-7

Altars:
Ashenzari
Trog
Uskayaw
Xom

Annotations:
D:3 Robin


Innate Abilities, Weirdness & Mutations

You have a beak for a mouth.
You have claws for feet.
You can fly.
You are partially covered in molten scales. (AC +1)
You have supernaturally acute eyesight. (SInv)
Your magical capacity is low. (-10% MP)


Message History

Press: ? - help, Shift-Dir - straight line, f - ogre
Aim: an ogre, wielding a giant club (hasn't noticed you)
The puff of flame hits the ogre.
The ogre is moderately wounded.
The ogre shouts!
Evoking this partially-identified wand wasted a few charges.
Evoke which item? (* to show all) (? for menu, Esc to quit)
Zapping:
j - a wand of flame {zapped: 3} (will waste charges)
Press: ? - help, Shift-Dir - straight line, f/p - ogre
Aim: an ogre, wielding a giant club (moderately wounded)
The puff of flame hits the ogre.
The ogre is heavily wounded.
Evoking this partially-identified wand wasted a few charges.
The ogre hits you with a giant club!!
Ouch! That really hurt!
You barely miss the ogre. You claw the ogre.
The ogre is heavily wounded.
The ogre hits you with a giant club!!
Ouch! That really hurt!
You die...

#. #.# #.# #.# #### ####.####
...# #.......########. #.##
#.##....#<.......
#.###########..#......#######
................@O.....>....
####.#.####.##._......######
...<...# #.##........#
##.#.######.##.#......#
#...........##........#
#..#.################.#
#..#.# .# #..#.# .# #..#.#


You could see an ogre.

Vanquished Creatures
  A hound (D:4)
  2 orc wizards (D:4)
  A centaur skeleton (D:4)
  A worker ant (D:4)
  2 adders
  An ooze (D:3)
  5 dart slugs
  2 giant geckos
  4 orcs (D:4)
  7 bats
  4 giant cockroaches (D:1)
  6 goblins
  11 hobgoblins
  5 jackals
  10 kobolds
  A quokka (D:3)
  A ball python (D:3)
  3 giant newts
  7 rats
74 creatures vanquished.

Notes
Turn   | Place    | Note
--------------------------------------------------------------
     0 | D:1      | Arkorax the Tengu Monk began the quest for the Orb.
     0 | D:1      | Reached XP level 1. HP: 14/14 MP: 2/2
   206 | D:1      | Reached XP level 2. HP: 15/19 MP: 3/3
   467 | D:1      | Reached XP level 3. HP: 18/23 MP: 4/4
  1048 | D:2      | Found a hide-covered altar of Uskayaw.
  1058 | D:2      | Became a worshipper of Uskayaw the Reveler
  1058 | D:2      | Reached * piety under Uskayaw
  1098 | D:2      | Reached skill level 5 in Unarmed Combat
  1143 | D:2      | Found a shimmering altar of Xom.
  1144 | D:2      | Found a shimmering altar of Xom.
  1182 | D:2      | Found a shimmering altar of Xom.
  1182 | D:2      | Found a shimmering altar of Xom.
  1185 | D:2      | Found a shimmering altar of Xom.
  1185 | D:2      | Found a shimmering altar of Xom.
  1185 | D:2      | Found a shimmering altar of Xom.
  1186 | D:2      | Found a shimmering altar of Xom.
  1187 | D:2      | Found a shimmering altar of Xom.
  1406 | D:2      | Reached XP level 4. HP: 29/29 MP: 5/5
  1406 | D:2      | Reached ** piety under Uskayaw
  1598 | D:2      | Found a shattered altar of Ashenzari.
  1928 | D:3      | Found a bloodstained altar of Trog.
  2362 | D:3      | Noticed Robin
  2486 | D:4      | Gained mutation: You can fly. [Tengu growth]
  2486 | D:4      | Reached XP level 5. HP: 34/34 MP: 6/6
  2576 | D:4      | Gained mutation: You have supernaturally acute eyesight. (SInv) [potion of mutation]
  2576 | D:4      | Gained mutation: You are partially covered in molten scales. (AC +1) [potion of mutation]
  2576 | D:4      | Gained mutation: Your magical capacity is low. (-10% MP) [potion of mutation]
  2588 | D:4      | Reached skill level 6 in Unarmed Combat
  2588 | D:4      | Reached XP level 6. HP: 33/40 MP: 6/6
  2591 | D:4      | Reached *** piety under Uskayaw
  2594 | D:4      | Reached **** piety under Uskayaw
  3118 | D:3      | Slain by an ogre

Vault maps used:
D:1:      scummos_arrival_star, nrook_mini_vaults
D:2:      nicolae_overflow_hidden_temple, xom_redecorated,
          eat_drink_and_be_merry_uskayaw, first_bread
D:3:      bloody_trog, uniq_robin
D:4:      grunt_temple_overflow_diamond, minmay_temple_entry_poolview

Skill      XL: |  1  2  3  4  5  6 |
---------------+-------------------+-----
Unarmed Combat | 5 6 |  6.2
Fighting       | 4 |  4.9
Dodging        | 4 |  4.0
Stealth        | |  2.0

Action                   |  1- 3 |  4- 6 || total
-------------------------+-------+-------++-------
Melee: Unarmed           |    97 |   103 ||   200
       Kick              |    20 |    25 ||    45
       Peck              |    13 |    15 ||    28
       Punch             |     1 |     2 ||     3
 Abil: Fly               |       |     1 ||     1
Evoke: Wand              |       |     2 ||     2
  Use: Scroll            |     2 |     1 ||     3
       Potion            |       |     5 ||     5
 Stab: Sleeping          |     7 |     3 ||    10
       Paralysed         |       |     1 ||     1
  Eat: Fruit             |     2 |       ||     2
       Chunk             |       |     2 ||     2
       Bread ration      |       |     1 ||     1
Armor: Robe              |    22 |    15 ||    37
Dodge: Dodged            |    39 |    76 ||   115
